 Dungeon Crawl Stone Soup version 0.18.1-47-g9310371 (webtiles) character file.

21327 nikopol the Spear-Bearer (level 12, -4/159 (162) HPs)
             Began as a Minotaur Berserker on June 13, 2016.
             Was a High Priest of Trog.
             Slain by a black mamba (10 damage)
             ... on level 4 of the Lair of Beasts.
             The game lasted 00:46:05 (14639 turns).

nikopol the Spear-Bearer (Minotaur Berserker)      Turns: 14639, Time: 00:46:06

HP:   -4/159 (162)  AC: 14    Str: 30    XL:     12   Next: 53%
MP:   11/11         EV: 22    Int:  4    God:    Trog [*****.]
Gold: 641           SH:  0    Dex: 15    Spells: 0 memorised, 11 levels left

rFire  . . .     SeeInvis .     x - +3 spear (flame)
rCold  + . .     Gourm    .     H - +3 leather armour {rC+}
rNeg   . . .     Faith    .     (no shield)
rPois  .         Spirit   .     (helmet restricted)
rElec  .         Dismiss  .     l - +2 cloak {MR+}
rCorr  .         Reflect  .     f - +2 pair of gloves
SustAt .         Harm     .     (no boots)
MR     +....                    (no amulet)
Stlth  ..........               B - +4 ring of evasion
                                w - +3 ring of strength

@: berserking, lethally poisoned (-4 -> -4), very quick, somewhat resistant to
hostile enchantments, extremely unstealthy
A: retaliatory headbutt, horns 2
a: Berserk, Trog's Hand, Brothers in Arms, Burn Spellbooks, Renounce Religion


You were on level 4 of the Lair of Beasts.
You worshipped Trog.
Trog was extremely pleased with you.
You were hungry.

You visited 2 branches of the dungeon, and saw 14 of its levels.
You also visited: Ice Cave.

You collected 812 gold pieces.
You spent 171 gold pieces at shops.

Inventory:

Hand Weapons
 a - a +0 spear
 c - a +1 shortbow
 k - a +0 trident of protection
 x - a +3 spear of flaming (weapon)
 J - a -1 spear
Missiles
 d - 192 arrows (quivered)
Armour
 f - a +2 pair of gloves (worn)
 l - a +2 cloak of magic resistance (worn)
 H - a +3 leather armour of cold resistance (worn)
 K - the +1 scale mail of Liod {rPois rC- rN+ Dex+4}
   (You bought it in a shop on level 4 of the Dungeon)

   It affects your dexterity (+4).
   It makes you vulnerable to cold.
   It protects you from poison.
   It protects you from negative energy.
Jewellery
 e - an uncursed ring of protection from cold
 w - a +3 ring of strength (left hand)
 B - a +4 ring of evasion (right hand)
 D - a cursed ring of loudness {unknown}
 F - an uncursed ring of positive energy
 P - an uncursed ring of protection from fire
Wands
 C - a wand of slowing (12/48)
 O - a wand of paralysis (2/24)
 R - a wand of teleportation (6/9)
 T - a wand of enslavement (10/24)
Scrolls
 b - 3 scrolls of identify
 i - 2 scrolls of enchant armour
 j - a scroll of blinking
 m - a scroll of immolation {unknown}
 p - a scroll of acquirement {unknown}
 r - 5 scrolls of remove curse
 v - 2 scrolls of fear
 y - 2 scrolls of enchant weapon
 A - a scroll of noise {unknown}
 E - 5 scrolls of teleportation
 M - a scroll of recharging {unknown}
Potions
 h - 6 potions of agility
 n - 3 potions of cancellation
 o - 6 potions of heal wounds
 q - 2 potions of resistance
 t - 3 potions of curing
 u - 4 potions of haste
 z - 3 potions of lignification {unknown}
 I - a potion of invisibility
 L - a potion of brilliance {unknown}
 N - a potion of might
 S - a potion of ambrosia {unknown}
 Y - a potion of flight {unknown}
Comestibles
 g - 4 royal jellies
 s - 7 meat rations
 G - 26 fruits
 Q - 9 bread rations


   Skills:
 + Level 10.7 Fighting
 * Level 13.1 Polearms
 * Level 10.3 Bows
 + Level 11.2 Armour
 + Level 10.3 Dodging


You had 11 spell levels left.
You didn't know any spells.

Dungeon Overview and Level Annotations

Branches:
Dungeon (10/15)            Temple (0/1) D:5            Lair (4/8) D:10
  Snake (0/4) Lair:4
  Swamp: Lair:3-6    Shoals: Lair:3-6       Orc: D:9-12

Altars:
Dithmenos
Fedhas
Kikubaaqudgha
Makhleb
Nemelex Xobeh
Okawaru
Pakellas
The Shining One

Shops:
D:4 *


Innate Abilities, Weirdness & Mutations

You reflexively headbutt those who attack you in melee.
You have a pair of horns on your head.


Message History

The black mamba is moderately wounded.
The black mamba bites you!
* * * LOW HITPOINT WARNING * * *
You closely miss the black mamba. Your headbutt misses the black mamba.
The black mamba is moderately wounded.
The black mamba bites you!
* * * LOW HITPOINT WARNING * * *
The spiny frog stings you.
* * * LOW HITPOINT WARNING * * *
Wield which item (- for none, * to show all)? (? for menu, Esc to quit)
You are already wielding that!
A red film seems to cover your vision as you go berserk!
You feel yourself moving faster!
You feel mighty!
You feel somewhat more hungry.
You feel sick. The black mamba barely misses you.
The spiny frog closely misses you. The black mamba completely misses you.
You barely miss the black mamba. You headbutt the black mamba.
The black mamba is moderately wounded.
The black mamba bites you!
You die...

.............# ..
...#....P...## ....
#......#.....# #####....
........#....###......P.
.......#....###.......#.
.≈≈≈≈≈........#.........
.≈P≈#≈.##...............
.≈P#≈≈..................
.≈##≈≈..#.......@.......
.≈≈≈≈≈........#.SF......
(......#....P###(.......
............## .......#.
..... ....... (...../..
..... ..... ..........
..... .. ..........
.#### ........... .#


You could see a black mamba and a spiny frog.

Vanquished Creatures
  A hydra (Lair:3)
  2 hill giants (D:10)
  A necromancer (IceCv)
  2 black mambas
  An elephant (D:10)
  Joseph (D:9)
  4 ice statues (IceCv)
  5 spiny frogs
  11 ice devils (IceCv)
  3 komodo dragons
  4 blink frogs (Lair:1)
  A two-headed ogre (D:10)
  11 yaks
  2 basilisks (Lair:4)
  The ghost of Scarto the Skirmisher, an amateur DsFi (D:3)
  2 hippogriffs
  3 nagas (Lair:4)
  A mottled dragon (D:7)
  2 water moccasins
  4 porcupines
  3 orc warriors
  2 sky beasts
  10 ice beasts
  A black bear (D:10)
  4 necrophages
  3 phantoms
  7 ogres
  7 wolves (Lair:1)
  3 centaurs
  4 crocodiles
  7 giant frogs
  4 scorpions
  A wyvern skeleton (D:7)
  6 killer bees (D:10)
  3 howler monkeys
  7 crimson imps
  3 centaur zombies
  2 draconian simulacra (IceCv)
  5 hounds
  2 quasits
  A giant frog zombie (D:5)
  4 jellies
  Crazy Yiuf (D:5)
  2 giant frog skeletons
  4 iguanas
  5 orc priests
  4 centaur skeletons
  7 orc wizards
  2 troll simulacra (IceCv)
  13 worker ants
  A spriggan simulacrum (IceCv)
  A sheep (D:10)
  A centaur simulacrum (IceCv)
  3 hound skeletons
  A worker ant zombie (D:10)
  A howler monkey zombie (D:8)
  12 gnolls
  7 adders
  18 river rats
  3 naga simulacra (IceCv)
  An ogre simulacrum (IceCv)
  4 shadow imps
  An ooze (D:6)
  3 adder skeletons
  4 worms
  4 dart slugs
  7 giant geckos
  45 orcs
  A ball python (D:1)
  6 bats
  9 giant cockroaches
  7 hobgoblins
  11 jackals
  12 kobolds
  A quokka (D:3)
  A giant cockroach zombie (D:5)
  A giant gecko skeleton (D:6)
  2 giant newts
  10 goblins
  2 goblin skeletons (D:7)
  4 hobgoblin zombies (D:7)
  2 kobold skeletons (D:7)
  2 kobold zombies (D:7)
  2 orc skeletons (D:7)
  2 orc zombies (D:7)
  A quokka skeleton (D:6)
  5 rats
387 creatures vanquished.

Notes
Turn   | Place    | Note
--------------------------------------------------------------
     0 | D:1      | nikopol the Minotaur Berserker began the quest for the Orb.
     0 | D:1      | Reached XP level 1. HP: 19/19 MP: 0/0
   191 | D:1      | Reached XP level 2. HP: 27/27 MP: 1/1
   408 | D:1      | Reached skill level 4 in Polearms
   450 | D:1      | Reached XP level 3. HP: 26/33 MP: 2/2
   498 | D:1      | Reached ** piety under Trog
   917 | D:2      | Found a sparkling altar of Nemelex Xobeh.
  1413 | D:2      | Reached XP level 4. HP: 40/40 MP: 3/3
  1611 | D:3      | Noticed Scarto's ghost (amateur DsFi)
  1621 | D:3      | Killed Scarto's ghost
  1621 | D:3      | Reached XP level 5. HP: 47/47 MP: 4/4
  1836 | D:3      | Reached skill level 5 in Polearms
  1843 | D:3      | Reached *** piety under Trog
  1846 | D:3      | Reached XP level 6. HP: 44/53 MP: 5/5
  2804 | D:4      | Found Uxza Nur's Assorted Antiques.
  2812 | D:4      | Reached skill level 5 in Armour
  2814 | D:4      | Reached skill level 5 in Fighting
  3115 | D:4      | Reached XP level 7. HP: 53/61 MP: 6/6
  3264 | D:5      | Entered Level 5 of the Dungeon
  3301 | D:5      | Found a blossoming altar of Fedhas.
  3309 | D:5      | Reached **** piety under Trog
  3333 | D:5      | Found an iron altar of Okawaru.
  3372 | D:5      | Reached skill level 5 in Dodging
  3541 | D:5      | Found a staircase to the Ecumenical Temple.
  3593 | D:5      | Reached skill level 6 in Polearms
  3900 | D:5      | Reached XP level 8. HP: 69/70 MP: 7/7
  4186 | D:5      | Found an ancient bone altar of Kikubaaqudgha.
  4355 | D:5      | Reached skill level 7 in Polearms
  4655 | D:5      | Noticed Crazy Yiuf
  4663 | D:5      | Killed Crazy Yiuf
  5002 | D:6      | Reached ***** piety under Trog
  5139 | D:6      | Reached XP level 9. HP: 46/79 MP: 8/8
  5188 | D:6      | Reached skill level 8 in Polearms
  5431 | D:6      | Found a burning altar of Makhleb.
  5886 | D:7      | Found a glowing golden altar of the Shining One.
  5974 | D:7      | Found an oddly glowing altar of Pakellas.
  6218 | D:7      | Received a gift from Trog
  6463 | D:7      | Reached skill level 1 in Bows
  6596 | D:7      | Reached skill level 9 in Polearms
  6681 | D:4      | Bought a transparent scale mail for 171 gold pieces
  6701 | D:4      | Identified the +1 scale mail of Liod {rPois rC- rN+ Dex+4} (You bought it in a shop on level 4 of the Dungeon)
  7367 | D:8      | Reached XP level 10. HP: 41/88 MP: 9/9
  7776 | D:9      | Noticed Joseph
  7791 | D:9      | Killed Joseph
  7962 | D:9      | Found a shadowy altar of Dithmenos.
  8307 | D:9      | Reached skill level 10 in Polearms
  8607 | D:10     | Entered Level 10 of the Dungeon
  8655 | D:10     | Found a staircase to the Lair.
  8669 | D:10     | Noticed an elephant
  8682 | D:10     | Killed an elephant
  8792 | D:10     | Reached skill level 5 in Bows
  9295 | D:10     | Noticed a hill giant
  9306 | D:10     | Killed a hill giant
  9419 | D:10     | Noticed a hill giant
  9433 | D:10     | Killed a hill giant
  9800 | D:10     | Received a gift from Trog
  9933 | D:10     | Reached skill level 11 in Polearms
  9933 | D:10     | Reached XP level 11. HP: 95/95 MP: 10/10
 10168 | Lair:1   | Entered Level 1 of the Lair of Beasts
 10274 | Lair:1   | Found a frozen archway.
 10306 | IceCv    | Entered an ice cave
 10788 | IceCv    | Reached skill level 10 in Armour
 11386 | IceCv    | Noticed a necromancer
 11406 | IceCv    | Killed a necromancer
 11406 | IceCv    | Reached skill level 10 in Fighting
 11406 | IceCv    | Reached skill level 12 in Polearms
 11504 | IceCv    | Received a gift from Trog
 12159 | Lair:1   | Found an ancient bone altar of Kikubaaqudgha.
 12384 | Lair:1   | Reached XP level 12. HP: 92/104 MP: 11/11
 13186 | Lair:2   | Reached skill level 10 in Dodging
 13676 | Lair:3   | Noticed a six-headed hydra
 13689 | Lair:3   | Killed a six-headed hydra
 14040 | Lair:3   | Reached skill level 10 in Bows
 14086 | Lair:3   | Reached skill level 13 in Polearms
 14397 | Lair:4   | Found a staircase to the Snake Pit.
 14580 | Lair:4   | Received a gift from Trog
 14637 | Lair:4   | HP: 5/106 [spiny frog (4)]
 14639 | Lair:4   | Slain by a black mamba

Skill      XL: |  1  2  3  4  5  6  7  8  9 10 11 12 |
---------------+-------------------------------------+-----
Polearms       | 4 5 6 7 9 11 12 13 | 13.1
Armour         | 3 4 5 6 7 8 9 10 11 | 11.2
Fighting       | 4 5 6 7 8 9 10 | 10.7
Dodging        | 3 4 5 7 8 9 10 | 10.3
Bows           | 3 6 9 10 | 10.3

Action                   |  1- 3 |  4- 6 |  7- 9 | 10-12 || total
-------------------------+-------+-------+-------+-------++-------
Melee: Spear             |    77 |   165 |    35 |   236 ||   513
       Headbutt          |    13 |    29 |   102 |   187 ||   331
       Trident           |       |       |   435 |   413 ||   848
 Fire: Shortbow          |       |       |    83 |   283 ||   366
Invok: Berserk           |     1 |     1 |     2 |     6 ||    10
       Burn Spellbooks   |       |       |       |     2 ||     2
       Trog's Hand       |       |       |       |     1 ||     1
  Use: Scroll            |       |     4 |     2 |    16 ||    22
 Stab: Sleeping          |       |     1 |     1 |     1 ||     3
       Distracted        |       |       |     1 |       ||     1
  Eat: Chunk             |     1 |     8 |    16 |    22 ||    47
       Beef jerky        |       |       |       |     2 ||     2
       Pizza             |       |       |       |     2 ||     2
Armor: Leather armour    |    16 |    37 |   100 |    58 ||   211
       Scale mail        |       |       |    37 |    52 ||    89
Dodge: Dodged            |    26 |    72 |   291 |   290 ||   679
